 Dungeon Crawl Stone Soup version 0.27-a0-1196-g3e9cee4cb2 (webtiles) character file.

Game seed: 4913522570799049968

2590 Glokmah the Stinger (level 9, -3/65 HPs)
             Began as a Demonspawn Venom Mage on May 29, 2021.
             Was an Elder of Lugonu.
             Killed from afar by Harold (18 damage)
             ... with a harpoon shot
             ... on level 7 of the Dungeon.
             The game lasted 00:19:38 (9287 turns).

Glokmah the Stinger (Demonspawn Venom Mage)         Turns: 9287, Time: 00:19:39

Health: -3/65      AC:  7    Str:  8    XL:     9   Next: 33%
Magic:  4/15       EV: 12    Int: 21    God:    Lugonu [****..]
Gold:   437        SH:  0    Dex: 13    Spells: 1/16 levels left

rFire    . . .     SeeInvis .   a - +1 whip (elec)
rCold    . . .     Faith    .   (no shield)
rNeg     . . .     Spirit   .   d - +0 robe
rPois    +         Reflect  .   (helmet restricted)
rElec    .         Harm     .   y - +1 cloak
rCorr    .         Rampage  .   (no gloves)
Will     .....                  (no boots)
Stlth    ++........             (no amulet)
HPRegen  0.20/turn              e - ring of poison resistance
MPRegen  0.14/turn              o - ring of flight

@: marked, flying
A: antennae 2, slimy green scales 2, ignite blood 1
a: Renounce Religion, Depart the Abyss, Bend Space, Banish, Corrupt


You were on level 7 of the Dungeon.
You worshipped Lugonu.
Lugonu was greatly pleased with you.
You visited 1 branch of the dungeon, and saw 7 of its levels.
You also visited: Ossuary.

You collected 437 gold pieces.

Inventory:

Hand Weapons
 a - a +1 whip of electrocution (weapon)
 u - a +5 quarterstaff
 x - a +3 quarterstaff of chaos
Missiles
 g - 2 datura-tipped darts
 i - 28 poisoned darts
 k - 4 boomerangs (quivered)
 m - 6 atropa-tipped darts
 p - 5 boomerangs of dispersal
Armour
 d - a +0 robe (worn)
 y - a +1 cloak (worn)
 E - a +0 ring mail of fire resistance
Jewellery
 e - a ring of poison resistance (left hand)
 o - a ring of flight (right hand)
Wands
 n - a wand of charming (19)
 r - a wand of digging (5)
Scrolls
 f - 2 scrolls of amnesia
 l - a scroll of fog
 q - 3 scrolls of fear
 t - 2 scrolls of noise
 v - a scroll of enchant armour
 z - a scroll of identify
Potions
 b - a potion of haste
 c - a potion of attraction
 h - 5 potions of curing
 j - a potion of lignification
 s - a potion of magic
 w - a potion of invisibility
 A - a potion of degeneration {unknown}
 B - 2 potions of brilliance {unknown}
 C - a potion of might {unknown}
 D - 2 potions of heal wounds {unknown}


   Skills:
 + Level 4.2 Fighting
 - Level 1.7 Dodging
 - Level 1.7 Stealth
 + Level 4.4 Spellcasting
 * Level 5.3 Conjurations
 * Level 5.6 Transmutations
 * Level 0.0 Fire Magic
 - Level 3.0 Air Magic
 * Level 7.0 Poison Magic


You had one spell level left.
You knew the following spells:

 Your Spells              Type           Power      Damage    Failure   Level
a - Sting                 Tmut/Pois      100%       1d8       1%          1
b - Poisonous Vapours     Pois/Air       50%        N/A       2%          2
c - Ignite Poison         Fire/Tmut/Pois 22%        N/A       6%          3
d - Searing Ray           Conj           52%        3d5       1%          2
e - Mephitic Cloud        Conj/Pois/Air  26%        N/A       4%          3
f - Olgreb's Toxic Radia  Pois           34%        N/A       6%          4

Your spell library contained the following spells:

 Spells                   Type           Power      Damage    Failure   Level
 Magic Dart               Conj           100%       1d8       1%          1
 Corona                   Hex            4%         N/A       12%         1
 Dazzling Flash           Conj/Hex       30%        N/A       12%         3
 Slow                     Hex            4%         N/A       17%         2
 Inner Flame              Hex/Fire       4%         N/A       34%         3
 Portal Projectile        Hex/Tloc       8%         N/A       34%         3
 Fulminant Prism          Conj/Hex       7%         3d7       36%         4
 Iskenderun's Mystic Bla  Conj/Tloc      15%        2d5       36%         4
 Cause Fear               Hex            2%         N/A       75%         4
 Leda's Liquefaction      Hex/Erth       2%         N/A       75%         4


Dungeon Overview and Level Annotations

Branches:
Dungeon (7/15)             Temple (0/1) D:7         Ossuary (visited)

Altars:
Cheibriados
Hepliaklqana
Kikubaaqudgha
Sif Muna
Vehumet
Xom
Lugonu

Annotations:
D:7 Harold


Innate Abilities, Weirdness & Mutations

You have a pair of antennae on your head.
You are mostly covered in slimy green scales. (AC +3)
Your demonic aura sometimes causes spilled blood to erupt in flames.


Message History

Unknown command.
Casting: Searing Ray (safe; 1% risk of failure)
Confirm with . or Enter, or press ? or * to list all spells.
Aiming: Searing Ray (safe; 1% risk of failure)
Press: ? - help, Shift-Dir - straight line, f/p - Harold
Aim: Harold, wielding a +1 glaive of venom and wearing a +0 chain mail (heavily wounded, unusually resistant, poisoned, 90% to hit)
Okay, then.
Okay, then.
Harold looks more healthy.
Harold is no longer unusually resistant.
Casting: Searing Ray (safe; 1% risk of failure)
Confirm with . or Enter, or press ? or * to list all spells.
Aiming: Sting (safe; 1% risk of failure)
Press: ? - help, Shift-Dir - straight line, f/p - Harold
Aim: Harold, wielding a +1 glaive of venom and wearing a +0 chain mail (moderately wounded, 89% to hit)
The sting hits Harold but does no damage.
Harold is poisoned.
Harold is moderately wounded.
Harold hits you but does no damage.
You are poisoned.
Casting: Sting (safe; 1% risk of failure)
Confirm with . or Enter, or press ? or * to list all spells.
Aiming: Sting (safe; 1% risk of failure)
Press: ? - help, Shift-Dir - straight line, f/p - Harold
Aim: Harold, wielding a +1 glaive of venom and wearing a +0 chain mail (moderately wounded, poisoned, 89% to hit)
The sting hits Harold but does no damage.
Harold looks even sicker.
Harold is moderately wounded.
You feel sick.
Harold hits you from afar with a +1 glaive of venom!!
* * * LOW HITPOINT WARNING * * *
You feel sick.
You feel sick.
You feel sick.
You feel sick.
You are no longer poisoned.
Harold says, "I was hoping my final job would be more of a challenge, but money is money."
Harold fires a harpoon shot at you. The harpoon shot hits you!!
You die...

.......# #.......#
######.###############.##....#
#≈≈≈≈#.#≈≈≈≈#......##..##....#
#≈≈≈≈#.#≈≈≈≈#......##........#
#≈≈≈≈#.#≈≈≈≈#..........#######
#≈≈≈##.##≈≈≈#......@..##
#≈≈≈#[..#≈≈≈#........##
#≈≈≈#.>.#≈≈≈#.....Z.##
#≈≈≈#...#≈≈≈#...@....##########
#≈≈≈#####≈≈≈#...○..#.#........#
#≈≈≈≈≈≈≈≈≈≈≈#.................#
#≈≈≈≈≈≈≈≈≈≈≈#....#...>.[......#
#≈≈≈≈≈≈≈≈≈≈≈#.................#
#############...##............#
............######....†.......#
.....................#........##
............########.####......#


You could see Harold (poisoned) and a killer bee zombie.

Vanquished Creatures
  Prince Ribbit (D:7)
  Sigmund (D:5)
  Eustachio (D:5)
  A steam dragon (D:6)
  Menkaure (D:5)
  2 water moccasins (D:6)
  An orc warrior (D:6)
  A sky beast (D:6)
  3 ogres
  2 bullfrogs
  2 scorpions
  A water moccasin zombie (D:6)
  3 wights (D:7)
  3 jellies
  3 howler monkeys (D:7)
  Crazy Yiuf (D:5)
  A hound (D:5)
  2 orc priests (D:6)
  A centaur skeleton (D:4)
  4 orc wizards
  2 iguanas
  2 hound zombies
  4 mummies (Ossuary)
  A howler monkey skeleton (D:7)
  A gnoll (D:1)
  6 adders
  2 adder zombies (Ossuary)
  2 worms (D:2)
  4 dart slugs
  6 orcs
  2 bats
  7 endoplasms
  4 giant cockroaches
  5 goblins
  7 hobgoblins
  6 jackals (D:1)
  4 quokkas
  9 ball pythons
  8 frilled lizards
  2 gnoll zombies (Ossuary)
  3 goblin zombies (Ossuary)
  A hobgoblin zombie (Ossuary)
  A jackal zombie (Ossuary)
  6 kobolds
  3 rats
  2 rat zombies (Ossuary)
  A bush (D:5)
136 creatures vanquished.

Vanquished Creatures (others)
  A howler monkey skeleton (D:6)
1 creature vanquished.

Grand Total: 137 creatures vanquished

Notes
Turn   | Place    | Note
-------+----------+-------------------------------------------
     0 | D:1      | Glokmah the Demonspawn Venom Mage began the quest for the
                  | Orb.
     0 | D:1      | Reached XP level 1. HP: 13/13 MP: 3/3
    65 | D:1      | Reached skill level 1 in Transmutations
   272 | D:1      | Gained mutation: You have a pair of small antennae on your
                  | head. [demonic ancestry]
   272 | D:1      | Reached XP level 2. HP: 14/20 MP: 0/5
   607 | D:1      | Learned a level 2 spell: Poisonous Vapours
  1407 | D:1      | Gained mutation: You have a pair of antennae on your head.
                  | [demonic ancestry]
  1407 | D:1      | Reached XP level 3. HP: 25/25 MP: 3/6
  1722 | D:2      | Reached skill level 1 in Fighting
  1825 | D:2      | Found a faded altar of an unknown god.
  1833 | D:2      | Became a worshipper of Lugonu the Unformed
  1833 | D:2      | Reached * piety under Lugonu
  1833 | D:2      | Reached ** piety under Lugonu
  2081 | D:2      | Reached skill level 1 in Air Magic
  2335 | D:2      | Learned a level 3 spell: Ignite Poison
  2520 | D:2      | Reached XP level 4. HP: 32/32 MP: 0/7
  2993 | D:3      | Found a snail-covered altar of Cheibriados.
  3328 | D:3      | Reached skill level 4 in Poison Magic
  3603 | D:3      | Found a shimmering blue altar of Sif Muna.
  3615 | D:3      | Found a shimmering altar of Xom.
  4008 | D:4      | Noticed a scorpion
  4018 | D:4      | Killed a scorpion
  4019 | D:4      | Gained mutation: Your demonic aura sometimes causes spilled
                  | blood to erupt in flames. [demonic ancestry]
  4019 | D:4      | Reached XP level 5. HP: 32/38 MP: 0/9
  4200 | D:4      | Reached *** piety under Lugonu
  4303 | D:4      | HP: 1/38 [acid (9)]
  4567 | D:3      | Learned a level 2 spell: Searing Ray
  4735 | D:4      | Gained mutation: You are partially covered in slimy green
                  | scales. (AC +2) [demonic ancestry]
  4735 | D:4      | Reached XP level 6. HP: 44/44 MP: 4/10
  4828 | D:4      | Found a faded altar of an unknown god.
  4832 | D:4      | Found a hazy altar of Hepliaklqana.
  4990 | D:4      | Found a radiant altar of Vehumet.
  5015 | D:5      | Entered Level 5 of the Dungeon
  5111 | D:5      | Reached skill level 1 in Conjurations
  5538 | D:5      | Gained mutation: You are mostly covered in slimy green
                  | scales. (AC +3) [demonic ancestry]
  5538 | D:5      | Reached XP level 7. HP: 51/51 MP: 4/11
  5719 | D:5      | Noticed Menkaure
  5725 | D:5      | Killed Menkaure
  5726 | D:5      | Reached skill level 5 in Poison Magic
  5846 | D:5      | Noticed Sigmund
  5850 | D:5      | Killed Sigmund
  6025 | D:5      | Found a runed translucent door.
  6026 | D:5      | Noticed Crazy Yiuf
  6032 | D:5      | Killed Crazy Yiuf
  6250 | D:5      | Noticed Eustachio
  6273 | D:5      | Killed Eustachio
  6274 | D:5      | Reached XP level 8. HP: 51/58 MP: 1/13
  6414 | D:5      | Learned a level 3 spell: Mephitic Cloud
  6798 | D:6      | Found an ancient bone altar of Kikubaaqudgha.
  7138 | D:6      | Reached skill level 6 in Poison Magic
  7850 | D:6      | Reached skill level 5 in Transmutations
  8146 | D:6      | Reached XP level 9. HP: 63/65 MP: 1/15
  8292 | D:7      | Found a sand-covered staircase.
  8311 | Ossuary  | Entered an ossuary
  8461 | Ossuary  | Reached **** piety under Lugonu
  8557 | Ossuary  | Learned a level 4 spell: Olgreb's Toxic Radiance
  8859 | D:7      | Found a staircase to the Ecumenical Temple.
  8915 | D:7      | Reached skill level 5 in Conjurations
  9082 | D:7      | Noticed Prince Ribbit
  9086 | D:7      | Killed Prince Ribbit
  9087 | D:7      | Reached skill level 7 in Poison Magic
  9258 | D:7      | Noticed Harold
  9287 | D:7      | Killed from afar by Harold

Illustrated notes

Levels and vault maps discovered:
D:1:      tarquinn_simple_flora_water_c, layout_basic
D:2:      layout_loops_ring, shapermc_ecumenical_altar_totnotflames,
          minmay_tetromino_s2
D:3:      layout_loops_ring, amethyst_overflow_temple_binary,
          kennysheep_slug_shrine
D:4:      layout_gridville, general_overflow_altar,
          beargit_hepliaklqana_dungeon_heroes
D:5:      layout_basic, uniq_menkaure, uniq_eustachio, uniq_sigmund,
          uniq_crazy_yiuf_cottage
D:6:      layout_rooms, overflow_temple_1_default
D:7:      layout_rooms, old_standard_altar, minmay_temple_entry_poolview,
          enter_ossuary_3, minmay_crystal_water, uniq_prince_ribbit1,
          uniq_harold

Skill      XL: |  1  2  3  4  5  6  7  8  9 |
---------------+----------------------------+-----
Transmutations | 1 2 3 5 |  5.6
Fighting       | 1 2 3 4 |  4.2
Air Magic      | 1 2 3 |  3.0
Poison Magic   | 4 5 6 7 |  7.0
Spellcasting   | 3 4 |  4.4
Conjurations   | 1 3 4 5 |  5.3
Dodging        | |  1.7
Stealth        | |  1.7

Action                   |  1- 3 |  4- 6 |  7- 9 || total
-------------------------+-------+-------+-------++-------
Melee: Dagger            |    33 |       |       ||    33
       Unarmed           |     2 |       |       ||     2
       Club              |     1 |       |       ||     1
       Whip              |    35 |    46 |    77 ||   158
Throw: Boomerang         |       |     2 |       ||     2
 Cast: Sting             |    42 |    22 |    30 ||    94
       Poisonous Vapours |    16 |    28 |    29 ||    73
       Searing Ray       |       |     3 |    22 ||    25
       Ignite Poison     |       |       |    13 ||    13
       Olgreb's Toxic Ra |       |       |     1 ||     1
Invok: Bend Space        |       |       |     3 ||     3
  Use: Potion            |       |     1 |       ||     1
       Scroll            |       |       |    14 ||    14
 Stab: Sleeping          |       |     2 |     1 ||     3
Armor: Robe              |    13 |    15 |    32 ||    60
Dodge: Dodged            |    50 |    35 |    46 ||   131

Table legend: (Time is in decaauts)
 A = Elapsed time spent in this place.
 B = Non-inter-level travel time spent in this place.
 C = Inter-level travel time spent in this place.
 D = Time resting spent in this place.
 E = Time spent auto-exploring this place.
 F = Levels seen in this place.
 G = Mean time per level.
                   A        B        C        D        E       F      G
               +--------+--------+--------+--------+--------+-----+--------+
         Total |   9315 |   8618 |    697 |   1336 |   5702 |   8 | 1164.4 |
       Dungeon |   9046 |   8349 |    697 |   1329 |   5578 |   7 | 1292.3 |
       Ossuary |    269 |    269 |      0 |      7 |    124 |   1 |  269.0 |
               +--------+--------+--------+--------+--------+-----+--------+

Top non-repeatable levels by time:
     D:5: 1826 daAuts
     D:1: 1748 daAuts
     D:6: 1490 daAuts
     D:3: 1350 daAuts
     D:2: 1231 daAuts
     D:4: 741 daAuts
     D:7: 657 daAuts
 Ossuary: 269 daAuts
